 Dungeon Crawl Stone Soup version 0.23-a0-359-g9beedce (console) character file.

966 nht the Quickloader (level 7, -4/84 HPs)
             Began as a Minotaur Hunter on Oct 23, 2018.
             Slain by an orc warrior
             ... wielding a +0 glaive
              (12 damage)
             ... on level 5 of the Dungeon.
             The game lasted 00:04:35 (3552 turns).

nht the Quickloader (Minotaur Hunter)               Turns: 3552, Time: 00:04:36

Health: -4/84      AC: 26    Str: 18    XL:     7   Next: 93%
Magic:  6/6        EV:  2    Int:  8    God:
Gold:   147        SH:  0    Dex: 11    Spells: 6/6 levels left

rFire    + . .     SeeInvis .   b - +0 war axe
rCold    . . .     Gourm    .   (no shield)
rNeg     + + +     Faith    .   (armour currently unavailable)
rPois    +         Spirit   .   (helmet currently unavailable)
rElec    .         Reflect  .   (cloak currently unavailable)
rCorr    .         Harm     .   (gloves currently unavailable)
MR       .....     NoTele   +   (boots currently unavailable)
Stlth    +.........             (no amulet)
HPRegen  0.24/turn              t - ring of protection from fire
MPRegen  0.10/turn              m - +3 ring of protection

@: tree-form (expiring)
A: (retaliatory headbutt)
a: no special abilities


You were on level 5 of the Dungeon.
You were not hungry.
You were a tree.
You visited 1 branch of the dungeon, and saw 5 of its levels.

You collected 301 gold pieces.
You spent 154 gold pieces at shops.

Inventory:

Hand Weapons
 a - a +1 hand crossbow
 b - a +0 war axe (weapon)
 q - a +0 short sword
Missiles
 r - 4 bolts
Armour
 c - a +0 leather armour (melded)
 e - a +0 cloak (melded)
 g - a +1 pair of gloves (melded)
Jewellery
 m - a +3 ring of protection (right branch)
 t - a ring of protection from fire (left branch)
Wands
 k - a wand of random effects (54)
Scrolls
 p - a scroll of teleportation
Potions
 d - a potion of invisibility
 h - a potion of lignification
 i - a potion of haste
 j - 2 potions of heal wounds
 l - 2 potions of flight {unknown}
 o - a potion of agility {unknown}
 u - a potion of resistance
 v - a potion of curing
Comestibles
 f - 16 rations
 n - 5 chunks of flesh


   Skills:
 - Level 2.4 Fighting
 + Level 4.5 Axes
 - Level 10.0 Crossbows
 - Level 2.1 Dodging
 - Level 0.7 Stealth


You had 6 spell levels left.
You didn't know any spells.
Your spell library was empty.

Dungeon Overview and Level Annotations

Branches:
Dungeon (5/15)
 Temple: D:4-7

Altars:
Cheibriados
Gozag

Shops:
D:4 *

Annotations:
D:5 1 runed door, namelastname112's ghost, novice DrWn


Innate Abilities, Weirdness & Mutations

((You reflexively headbutt those who attack you in melee.))
((You have a pair of horns on your head.))


Message History

You closely miss the orc warrior.
The orc warrior is heavily wounded.
The orc warrior hits you with a +0 glaive!
You barely miss the orc warrior.
The orc warrior is heavily wounded.
The orc warrior hits you but does no damage.
You slash the orc warrior!
The orc warrior is almost dead.
The orc warrior hits you with a +0 glaive!
* * * LOW HITPOINT WARNING * * *
You hit the orc warrior.
The orc warrior is almost dead.
Your transformation is almost over.
The orc warrior hits you with a +0 glaive!
* * * LOW HITPOINT WARNING * * *
You are too injured to fight recklessly!
You hit the orc warrior but do no damage.
The orc warrior is almost dead.
The orc warrior hits you with a +0 glaive!
You die... █ █████████ █████o█

........█ █..♣o{█.█
█████████.████.█████.█
.......<......>....█.█
.███....█.████.███.█.█
.█ █....█.████.█.█.█.█
.█ █....█......█...█.█
.█ █....████████.███.███
.█ ██'████.............█
█████.████.█████.███.█.█


You could see an orc warrior and an orc.

Vanquished Creatures
  Grinder (D:3)
  Sigmund (D:3)
  An ogre (D:4)
  A howler monkey (D:4)
  2 crimson imps (D:5)
  3 hounds
  3 orc priests
  Ijyb (D:3)
  2 worker ants
  6 adders
  A howler monkey skeleton (D:4)
  2 worms
  A dart slug (D:1)
  5 leopard geckos
  15 orcs
  A giant cockroach (D:3)
  8 goblins
  11 hobgoblins
  6 kobolds
  3 quokkas
  11 bats
  3 frilled lizards
  A leopard gecko skeleton (D:5)
  A quokka skeleton (D:4)
  8 rats
98 creatures vanquished.

Notes
Turn   | Place    | Note
-------+----------+-------------------------------------------
     0 | D:1      | nht the Minotaur Hunter began the quest for the Orb.
     0 | D:1      | Reached XP level 1. HP: 18/18 MP: 0/0
   221 | D:1      | Reached XP level 2. HP: 22/25 MP: 1/1
   253 | D:1      | Reached skill level 5 in Crossbows
   785 | D:2      | Reached XP level 3. HP: 30/30 MP: 2/2
   886 | D:2      | Reached skill level 6 in Crossbows
   977 | D:2      | Reached XP level 4. HP: 32/37 MP: 3/3
  1372 | D:3      | Noticed Grinder
  1379 | D:3      | Paralysed by Grinder for 3 turns
  1384 | D:3      | Killed Grinder
  1384 | D:3      | Reached skill level 8 in Crossbows
  1384 | D:3      | Reached XP level 5. HP: 33/42 MP: 4/4
  1384 | D:3      | Reached XP level 6. HP: 40/50 MP: 5/5
  1505 | D:3      | Noticed Sigmund
  1509 | D:3      | Killed Sigmund
  1509 | D:3      | Reached skill level 9 in Crossbows
  1634 | D:3      | Noticed Ijyb
  1949 | D:3      | Killed Ijyb
  1949 | D:3      | Reached XP level 7. HP: 56/56 MP: 6/6
  2396 | D:4      | Reached skill level 1 in Axes
  2398 | D:4      | Reached skill level 10 in Crossbows
  2468 | D:4      | Found Qobovyump's General Store.
  2491 | D:4      | Bought a potion of degeneration for 11 gold pieces
  2491 | D:4      | Bought a potion of resistance for 110 gold pieces
  2491 | D:4      | Bought a potion of curing for 33 gold pieces
  2694 | D:4      | Found a snail-covered altar of Cheibriados.
  2695 | D:4      | Found an opulent altar of Gozag.
  3271 | D:5      | Entered Level 5 of the Dungeon
  3452 | D:5      | Found a runed door.
  3452 | D:5      | Noticed namelastname112's ghost (novice DrWn)
  3552 | D:5      | Slain by an orc warrior

Vault maps used:
D:1:      dpeg_arrival_connections, chequers_serial_rivers_micro_b
D:2:      first_ration, st_stairs_6
D:3:      amethyst_killhole, minmay_misc_feat_columns, uniq_grinder,
          uniq_sigmund, uniq_ijyb
D:4:      chequers_temple_overflow_statue_of_worship, serial_shops,
          nicolae_shop_waterfront
D:5:      minmay_temple_entry_enclosed_plants, serial_shops, shop,
          gammafunk_ghost_grave

Skill      XL: |  1  2  3  4  5  6  7 |
---------------+----------------------+-----
Crossbows      | 5 6 8 9 10 | 10.0
Axes           | 4 |  4.5
Fighting       | |  2.4
Dodging        | |  2.1
Stealth        | |  0.7

Action                   |  1- 3 |  4- 6 |  7- 9 || total
-------------------------+-------+-------+-------++-------
Melee: Short sword       |       |    22 |     4 ||    26
       Headbutt          |       |     6 |    10 ||    16
       War axe           |       |       |    78 ||    78
 Fire: Hand crossbow     |    66 |    58 |    17 ||   141
  Use: Scroll            |       |     2 |     6 ||     8
       Potion            |       |       |     2 ||     2
 Stab: Sleeping          |       |     2 |       ||     2
  Eat: Chunk             |       |     3 |     5 ||     8
Armor: Leather armour    |     7 |    10 |    23 ||    40
       Skin              |       |       |     9 ||     9
Dodge: Dodged            |    12 |    29 |    54 ||    95

Table legend:
 A = Non-vault XP
 B = Vault XP
 C = Vault XP percentage of total XP
 D = Non-vault monster count
 E = Vault monster count
 F = Vault count percentage of total count
                 A         B        C        D         E       F
            +---------+---------+-------+---------+---------+-------
      Total |     833 |     548 |  39.7 |      93 |       5 |   5.1
            +---------+---------+-------+---------+---------+-------
        D:1 |      39 |       0 |   0.0 |      22 |       0 |   0.0
        D:2 |      79 |       4 |   4.8 |      17 |       2 |  10.5
        D:3 |      93 |     544 |  85.4 |      22 |       3 |  12.0
        D:4 |     439 |       0 |   0.0 |      23 |       0 |   0.0
        D:5 |     183 |       0 |   0.0 |       9 |       0 |   0.0
            +---------+---------+-------+---------+---------+-------
